 Dungeon Crawl Stone Soup version 0.25-a0-842-g81a31cfd23 (webtiles) character file.

Game seed: 10114720116940349950, levelgen mode: deterministic

72 Maedhros the Magician (level 4, -1/27 HPs)
             Began as an Octopode Wanderer on Apr 25, 2020.
             Slain by a centaur
             ... wielding a cursed -1 shortbow
              (6 damage)
             ... on level 5 of the Dungeon.
             The game lasted 00:01:48 (1606 turns).

Maedhros the Magician (Octopode Wanderer)           Turns: 1606, Time: 00:01:49

Health: -1/27      AC:  1    Str:  9    XL:     4   Next: 25%
Magic:  9/9        EV: 12    Int: 15    God:
Gold:   43         SH:  0    Dex: 13    Spells: 9/10 levels left

rFire    . . .     SeeInvis .   a - +2 dagger
rCold    . . .     Gourm    .   (no shield)
rNeg     . . .     Faith    .   (helmet restricted)
rPois    .         Spirit   .   (no amulet)
rElec    .         Reflect  .   (no ring)
rCorr    .         Harm     .   (no ring)
MR       .....                  (no ring)
Stlth    +++.......             (no ring)
HPRegen  0.09/turn              (no ring)
MPRegen  0.11/turn              (no ring)
                                (no ring)
                                (no ring)

@: no status effects
A: almost no armour, stealthy swim, amphibious, 8 rings, constrict 8, camouflage
1, gelatinous body 1
a: no special abilities


You were on level 5 of the Dungeon.
You were not hungry.

You visited 1 branch of the dungeon, and saw 5 of its levels.

You collected 43 gold pieces.

Inventory:

Hand Weapons
 a - a +2 dagger (weapon)
Scrolls
 c - a scroll of remove curse {unknown}
 e - 2 scrolls of magic mapping {unknown}
 i - 2 scrolls of identify {unknown}
Potions
 b - a potion of ambrosia {unknown}
 d - a potion of cancellation {unknown}
 g - a potion of heal wounds {unknown}
 h - a potion of curing {unknown}
Comestibles
 f - a ration


   Skills:
 + Level 0.7 Short Blades
 + Level 0.3 Dodging
 + Level 1.9 Stealth
 + Level 3.8 Spellcasting
   Level 3.0 Conjurations
   Level 2.0 Translocations
   Level 1.0 Fire Magic
   Level 1.1 Evocations


You had 9 spell levels left.
You knew the following spells:

 Your Spells              Type           Power        Failure   Level  Hunger
a - Sting                 Tmut/Pois      #...         19%         1    None

Your spell library contained the following spells:

 Spells                   Type           Power        Failure   Level  Hunger
 Magic Dart               Conj           ##..         5%          1    None
 Dazzling Flash           Conj/Hex       #.....       30%         3    ###....
 Spider Form              Tmut/Pois      #.........   50%         3    ###....


Dungeon Overview and Level Annotations

Branches:
Dungeon (5/15)
 Temple: D:4-7

Altars:

Shops:
D:5 *


Innate Abilities, Weirdness & Mutations

You cannot wear most types of armour.
You are very stealthy in the water. (Stealth+)
You are amphibious.
You can wear up to eight rings at the same time.
You can use your tentacles to constrict eight enemies at once.
Your skin changes colour to match your surroundings (Stealth+).
Your rubbery body absorbs attacks. (AC +1, EV +1)


Message History

The centaur hits you but does no damage.
You hit the centaur.
The centaur is severely wounded.
The centaur closely misses you.
You barely miss the centaur. You squeeze the centaur.
The centaur is almost dead.
The centaur misses you.
You barely miss the centaur.
The centaur is almost dead.
The centaur hits you with a cursed -1 shortbow!
* * * LOW HITPOINT WARNING * * *
You barely miss the centaur.
The centaur is almost dead.
The centaur closely misses you.
The centaur hits you with a cursed -1 shortbow.
* * * LOW HITPOINT WARNING * * *
You barely miss the centaur.
The centaur is almost dead.
The centaur hits you with a cursed -1 shortbow.
You die...

############
#.(....#<(.#
.......####c@...#
#.#$$$# #######
<..$∩$ #..$$
#.... #..# #c.


You could see a centaur.

Vanquished Creatures
  A howler monkey zombie (D:5)
  An adder (D:2)
  A worm (D:2)
  3 leopard geckos
  An orc (D:2)
  2 giant cockroaches
  9 goblins
  3 hobgoblins (D:2)
  4 jackals (D:1)
  4 kobolds
  2 quokkas (D:2)
  2 bats
  5 frilled lizards (D:1)
  5 rats (D:2)
43 creatures vanquished.

Notes
Turn   | Place    | Note
-------+----------+-------------------------------------------
     0 | D:1      | Maedhros the Octopode Wanderer began the quest for the Orb.
     0 | D:1      | Maedhros set off with the following items: a +2 dagger, a
                  | potion of berserk rage, a ration; and the following spells
                  | available to memorise: Magic Dart, Sting, Dazzling Flash,
                  | Spider Form
     0 | D:1      | Reached XP level 1. HP: 11/11 MP: 3/3
     2 | D:1      | Learned a level 1 spell: Sting
    77 | D:1      | Reached XP level 2. HP: 6/17 MP: 1/5
   632 | D:1      | Reached XP level 3. HP: 16/21 MP: 7/7
  1369 | D:2      | Reached XP level 4. HP: 27/27 MP: 9/9
  1445 | D:5      | Entered Level 5 of the Dungeon
  1460 | D:5      | Found Ihyd Guu's Assorted Antiques.
  1461 | D:5      | Noticed a centaur
  1606 | D:5      | Slain by a centaur

Levels and vault maps discovered:
D:1:      minmay_arrival_four_circles, layout_loops_ring
D:2:      layout_basic
D:3:      layout_basic, chequers_temple_overflow_statue_of_worship,
          first_ration, hellmonk_ghost_happy_afterlife
D:4:      layout_layer_cave, kennysheep_mini, hangedman_decor_peaks_small,
          minmay_misc_feat_alley, trog_hazing_becter, uniq_robin, uniq_grinder
D:5:      layout_basic, minmay_temple_entry_statues_pillars, serial_shops,
          nicolae_shop_stone, shop_coins, shop, shop, kennysheep_big_empty_room

Skill      XL: |  1  2 |
---------------+-------+-----
Spellcasting   | 3 |  3.8
Short Blades   | |  0.7
Dodging        | |  0.3
Stealth        | |  1.9
Conjurations   | |  3.0
Translocations | |  2.0
Fire Magic     | |  1.0
Evocations     | |  1.1

Action                   |  1- 3 |  4- 6 || total
-------------------------+-------+-------++-------
Melee: Dagger            |    84 |    21 ||   105
       Constrict         |    21 |     2 ||    23
       Tentacles         |     9 |     2 ||    11
 Cast: Sting             |     4 |       ||     4
  Use: Potion            |     1 |       ||     1
 Stab: Sleeping          |     7 |       ||     7
       Distracted        |     1 |       ||     1
  Eat: Chunk             |     2 |       ||     2
Armor: Skin              |     4 |     2 ||     6
Dodge: Dodged            |    41 |    14 ||    55

Table legend:
 A = Non-vault XP
 B = Vault XP
 C = Vault XP percentage of total XP
 D = Non-vault monster count
 E = Vault monster count
 F = Vault count percentage of total count
                 A         B        C        D         E       F
            +---------+---------+-------+---------+---------+-------
      Total |     103 |       0 |   0.0 |      43 |       0 |   0.0
            +---------+---------+-------+---------+---------+-------
        D:1 |      40 |       0 |   0.0 |      23 |       0 |   0.0
        D:2 |      42 |       0 |   0.0 |      17 |       0 |   0.0
        D:3 |       3 |       0 |   0.0 |       1 |       0 |   0.0
        D:4 |       2 |       0 |   0.0 |       1 |       0 |   0.0
        D:5 |      16 |       0 |   0.0 |       1 |       0 |   0.0
            +---------+---------+-------+---------+---------+-------
